 Dungeon Crawl Stone Soup version 0.29-a0-299-g4c793a2ed2 (webtiles) character file.

Game seed: 1068022293283666223

15262 Leszczynek the Fighter (level 12, -10/105 HPs)
             Began as a Human Gladiator on Mar 24, 2022.
             Was an Elder of Cheibriados.
             Mangled by an ettin
             ... wielding a +0 dire flail
              (31 damage)
             ... on level 2 of the Orcish Mines.
             The game lasted 00:38:12 (5143 turns).

Leszczynek the Fighter (Human Gladiator)            Turns: 5143, Time: 00:38:12

Health: -10/105    AC: 10    Str: 27    XL:     12   Next: 55%
Magic:  14/18      EV: 23    Int: 24    God:    Cheibriados [****..]
Gold:   623        SH:  0    Dex: 24    Spells: 8/11 levels left

rFire   + . .      SeeInvis .   c - +5 glaive
rCold   . . .      Faith    .   (shield currently unavailable)
rNeg    . . .      Spirit   .   h - +0 troll leather armour {Pargi}
rPois   .          Reflect  .   (helmet restricted)
rElec   .          Harm     .   P - +0 cloak
rCorr   .          Rampage  .   I - +0 pair of gloves
Will    .....                   (no boots)
Stlth   ++........              (no amulet)
HPRegen 1.07/turn               j - +4 ring of evasion
MPRegen 0.16/turn               p - +4 ring of protection

@: very slow
A: horns 1, clever 1, fire resistance 1, robust 1
a: Renounce Religion, Bend Time, Temporal Distortion, Slouch


You were on level 2 of the Orcish Mines.
You worshipped Cheibriados.
Cheibriados was greatly pleased with you.
You visited 3 branches of the dungeon, and saw 14 of its levels.
You also visited: Sewer and Ossuary.

You collected 803 gold pieces.
You spent 180 gold pieces at shops.

Inventory:

Hand Weapons
 a - the +7 trident of Uskayaw, Wizarding {holy, Str+7}
   (You found it on level 2 of the Dungeon)

   It has been blessed by the Shining One to cause great damage to the undead
   and demons.
   Str:       It affects your strength (+7).
 c - a +5 glaive (weapon)
 q - a +1 war axe
 v - a +0 morningstar
Missiles
 s - 11 poisoned darts
 w - 16 boomerangs (quivered)
Armour
 b - a +0 leather armour
 h - a +0 troll leather armour (worn) {Pargi}
 u - a +1 chain mail of fire resistance
 I - a +0 pair of gloves (worn)
 J - the +5 ring mail of Disaster {rF- Str+2 Int+4}
   (You bought it in a shop on level 8 of the Dungeon)

   Str:       It affects your strength (+2).
   Int:       It affects your intelligence (+4).
   rF:        It makes you vulnerable to fire.
 P - a +0 cloak (worn)
Jewellery
 d - a ring of ice
 j - a +4 ring of evasion (left hand)
 p - a +4 ring of protection (right hand)
 x - a ring of see invisible
Wands
 e - a wand of mindburst (11)
 o - a wand of polymorph (5)
 r - a wand of iceblast (8)
 D - a wand of flame (27)
 O - a wand of paralysis (3)
Scrolls
 g - a scroll of holy word {!r}
 l - a scroll of summoning
 m - a scroll of amnesia
 B - 4 scrolls of teleportation
 E - a scroll of blinking
Potions
 f - a potion of magic {unknown}
 i - 4 potions of mutation {!q}
 k - a potion of haste {unknown}
 t - a potion of degeneration {unknown}
 z - 4 potions of heal wounds {@q2}
 A - 5 potions of invisibility
 C - a potion of might
 F - 3 potions of curing {@q1}
 G - a potion of attraction
 K - a potion of flight {unknown}
 Q - a potion of cancellation {unknown}


   Skills:
 + Level 9.4 Fighting
 - Level 6.4(7.5) Axes
 - Level 5.7(7.1) Polearms
 - Level 4.0 Throwing
 - Level 8.4 Dodging
 * Level 9.2 Unarmed Combat
 * Level 2.5 Transmutations
 + Level 9.3 Invocations


You had 8 spell levels left.
You knew the following spells:

 Your Spells              Type           Power      Damage    Failure   Level
a - Spider Form           Tmut/Pois      6%         N/A       28%         3

Your spell library contained the following spells:

 Spells                   Type           Power      Damage    Failure   Level
 Blink                    Tloc           0%         N/A       24%         2
 Ensorcelled Hibernation  Hex/Ice        0%         N/A       24%         2
 Call Canine Familiar     Summ           0%         N/A       43%         3
 Lesser Beckoning         Tloc           0%         N/A       43%         3
 Portal Projectile        Hex/Tloc       0%         N/A       43%         3
 Summon Guardian Golem    Hex/Summ       0%         N/A       43%         3
 Anguish                  Hex/Necr       0%         N/A       85%         4
 Leda's Liquefaction      Hex/Erth       0%         N/A       85%         4
 Manifold Assault         Tloc           0%         N/A       99%         5
 Orb of Destruction       Conj           0%         9d5       100%        7
 Spellforged Servitor     Conj/Summ      0%         N/A       100%        7


Dungeon Overview and Level Annotations

Branches:
Dungeon (11/15)            Temple (1/1) D:5            Lair (0/6) D:11
    Orc (2/2) D:11            Elf (0/3) Orc:2         Sewer (visited)
Ossuary (visited)

Altars:
Ashenzari
Cheibriados
Dithmenos
Elyvilon
Gozag
Hepliaklqana
Kikubaaqudgha
Nemelex Xobeh
Qazlal
Ru
Sif Muna
Trog
Vehumet
Wu Jian
Zin
The Shining One

Shops:
D:8 ?***

Annotations:
D:10 2 transporters, robertstho's ghost, novice DjEE
D:11 exclusion: ice statue


Innate Abilities, Weirdness & Mutations

You have a pair of small horns on your head.
Your mind is acute. (Int +2)
Your flesh is heat resistant. (rF+)
You are robust. (+10% HP)


Message History

The ettin closely misses you.
The ettin hits you with a +0 dire flail!
You slash the ettin!
You headbutt the ettin, but do no damage.
The ettin is heavily wounded.
The orc misses you.
The ettin hits you with a +0 dire flail!!
The ettin misses you.
You barely miss the ettin. You headbutt the ettin.
The ettin is heavily wounded.
The orc completely misses you. The ettin barely misses you.
The ettin completely misses you.
You completely miss the ettin.
You headbutt the ettin, but do no damage.
The ettin is heavily wounded.
The orc closely misses you. The ettin misses you. x2
You hit the ettin but do no damage.
The ettin is heavily wounded.
The orc hits you with a +0 club.
The ettin hits you with a +0 dire flail.
The ettin misses you.
You slash the ettin!
The ettin is severely wounded.
The orc completely misses you. The ettin closely misses you.
The ettin misses you.
You hit the ettin but do no damage. You headbutt the ettin.
The ettin is severely wounded.
The orc completely misses you.
You hit the ettin.
The ettin is almost dead.
The ettin hits you with a +0 dire flail!!
The ettin hits you with a +0 dire flail!
The orc barely misses you.
You hit the ettin.
The ettin is almost dead.
The ettin is no longer moving slowly.
The ettin hits you with a +0 dire flail!!
* * * LOW HITPOINT WARNING * * *
The ettin hits you with a +0 dire flail!!
You die...

... .## .( .. .... .. .. ###
.....# .###.## ##.## ###
.......##.#... #...###.#
..........)..# ##.###...
<........))).## ##.####..
..........#C#.## #...# #..
...........o@..## ##...# ##.
...........)$...# #...####.#
..........#.##.## ##..†#.....
.............#### ..###..........
..............## ###.....#.....
#.......#......#####........#....
..#............#).#..........#..#
................))...............
.................................


You could see an ettin and an orc (slow).

Vanquished Creatures
  A boulder beetle (D:9)
  2 two-headed ogres
  A bog body (D:11)
  An orc sorcerer (Orc:2)
  A cyclops (D:11)
  A rime drake (D:11)
  A komodo dragon (D:11)
  An unseen horror (D:11)
  An ice devil (D:11)
  2 trolls
  A hornet (D:10)
  2 polar bears (D:11)
  2 shadows
  4 water elementals (D:10)
  2 wraiths
  A wyvern (D:7)
  5 yaks (D:11)
  3 wargs
  Edmund (D:5)
  3 water moccasins
  Pargi (Sewer)
  3 sky beasts
  17 orc warriors
  4 black bears (D:11)
  4 ogres
  3 wolves (D:11)
  A centaur (D:11)
  An elf zombie (Ossuary)
  2 kobold brigands
  4 bullfrogs
  A gnoll sergeant (D:9)
  3 scorpions
  15 wights
  5 killer bees (D:9)
  A howler monkey (D:11)
  An electric eel (D:9)
  A hound (D:7)
  2 jellies
  15 orc priests
  4 gnoll shamans
  Jessica (D:2)
  Natasha (twice) (D:2)
  An iguana (D:5)
  20 orc wizards
  A polar bear simulacrum (D:11)
  A troll simulacrum (D:11)
  4 mummies
  19 gnolls
  6 adders
  2 shadow imps
  2 white imps
  A dart slug (D:1)
  65 orcs
  5 endoplasms
  8 giant cockroaches
  A gnoll zombie (Ossuary)
  5 goblins
  2 hobgoblins
  4 quokkas
  5 ball pythons
  3 bats
  4 frilled lizards
  5 goblin zombies
  4 hobgoblin zombies
  15 kobolds
  3 kobold zombies (Ossuary)
  An orc zombie (Ossuary)
  8 rats
322 creatures vanquished.

Vanquished Creatures (collateral kills)
  Snorg (D:11)
1 creature vanquished.

Vanquished Creatures (others)
  A polar bear (D:11)
  43 fungi (D:11)
  49 plants
93 creatures vanquished.

Grand Total: 416 creatures vanquished

Notes
Turn   | Place    | Note
-------+----------+-------------------------------------------
     0 | D:1      | Leszczynek the Human Gladiator began the quest for the Orb.
     0 | D:1      | Reached XP level 1. HP: 16/16 MP: 1/1
    43 | D:1      | Reached XP level 2. HP: 18/22 MP: 2/2
   252 | D:1      | Reached XP level 3. HP: 27/28 MP: 3/3
   340 | D:2      | Noticed Natasha
   351 | D:2      | Killed Natasha
   352 | D:2      | Reached skill level 3 in Fighting
   352 | D:2      | Reached XP level 4. HP: 27/35 MP: 4/4
   449 | D:2      | Noticed Jessica
   453 | D:2      | Noticed Natasha
   459 | D:2      | Killed Jessica
   460 | D:2      | Reached skill level 4 in Axes
   460 | D:2      | Reached XP level 5. HP: 41/41 MP: 5/5
   545 | D:2      | Killed Natasha
   582 | D:2      | Identified the +7 trident of Uskayaw, Wizarding {holy,
                  | Str+7}
   734 | D:3      | Reached skill level 3 in Throwing
   834 | D:5      | Entered Level 5 of the Dungeon
   850 | D:5      | Noticed a water moccasin
   857 | D:5      | Killed a water moccasin
   858 | D:5      | Reached skill level 4 in Fighting
   858 | D:5      | Reached XP level 6. HP: 47/48 MP: 6/6
   875 | D:4      | Reached skill level 5 in Axes
   991 | D:5      | Reached XP level 7. HP: 50/55 MP: 7/7
  1033 | D:5      | Found a sparkling altar of Nemelex Xobeh.
  1077 | D:5      | Found a staircase to the Ecumenical Temple.
  1086 | Temple   | Entered the Ecumenical Temple
  1272 | Temple   | Became a worshipper of Cheibriados the Contemplative
  1368 | D:5      | Noticed Edmund
  1389 | D:5      | Gained mutation: Your flesh is heat resistant. (rF+)
                  | [potion of mutation]
  1389 | D:5      | Gained mutation: Your mind is acute. (Int +2) [potion of
                  | mutation]
  1389 | D:5      | Gained mutation: You are robust. (+10% HP) [potion of
                  | mutation]
  1389 | D:5      | Gained mutation: You have a pair of small horns on your
                  | head. [potion of mutation]
  1393 | D:5      | Killed Edmund
  1394 | D:5      | Reached skill level 5 in Fighting
  1420 | D:5      | Reached skill level 4 in Throwing
  1546 | D:6      | Reached skill level 6 in Axes
  1546 | D:6      | Reached XP level 8. HP: 25/69 MP: 8/8
  1578 | D:6      | Found a glowing drain.
  1621 | Sewer    | Entered a sewer
  1636 | Sewer    | Noticed Pargi
  1641 | Sewer    | Killed Pargi
  1664 | Sewer    | Reached * piety under Cheibriados
  1814 | D:6      | Reached skill level 6 in Fighting
  1814 | D:6      | Reached skill level 4 in Dodging
  1814 | D:6      | Reached skill level 1 in Invocations
  1821 | D:6      | Reached skill level 1 in Polearms
  1891 | D:6      | Found a sand-covered staircase.
  1897 | Ossuary  | Entered an ossuary
  1897 | Ossuary  | Noticed a wraith
  1897 | Ossuary  | Noticed a wraith
  1897 | Ossuary  | Noticed a wraith
  2097 | Ossuary  | Noticed a wraith
  2106 | Ossuary  | Killed a wraith
  2107 | Ossuary  | Reached skill level 2 in Polearms
  2107 | Ossuary  | Reached skill level 2 in Invocations
  2107 | Ossuary  | Reached XP level 9. HP: 78/78 MP: 7/10
  2361 | D:7      | Reached skill level 3 in Polearms
  2467 | D:7      | Reached ** piety under Cheibriados
  2468 | D:7      | Reached skill level 7 in Fighting
  2529 | D:8      | Reached skill level 3 in Invocations
  2562 | D:8      | Found Pupoinixt's Assorted Antiques.
  2577 | D:8      | Bought a heavily runed ring mail for 180 gold pieces
  2577 | D:8      | Identified the +5 ring mail of Disaster {rF- Str+2 Int+4}
                  | (You bought it in a shop on level 8 of the Dungeon)
  2628 | D:8      | Reached skill level 4 in Polearms
  2647 | D:8      | Reached skill level 5 in Dodging
  2711 | D:8      | Reached *** piety under Cheibriados
  2747 | D:8      | Found Lihimy's General Store.
  2817 | D:7      | Reached skill level 5 in Polearms
  2902 | D:8      | Reached XP level 10. HP: 88/88 MP: 12/12
  2923 | D:8      | Reached skill level 8 in Fighting
  2933 | D:8      | Reached skill level 4 in Invocations
  3001 | D:8      | Found Onloc's Magic Scroll Emporium.
  3027 | D:8      | Found Jocez's Assorted Antiques.
  3163 | D:9      | Reached **** piety under Cheibriados
  3231 | D:10     | Entered Level 10 of the Dungeon
  3248 | D:10     | Reached skill level 1 in Unarmed Combat
  3280 | D:10     | Paralysed by a hornet for 3 turns
  3290 | D:10     | Noticed a fire dragon
  3318 | D:10     | Reached skill level 2 in Unarmed Combat
  3318 | D:10     | Reached skill level 5 in Invocations
  3326 | D:10     | Found a transporter.
  3327 | D:10     | Noticed robertstho's ghost (novice DjEE)
  3330 | D:10     | Found a transporter.
  3367 | D:10     | Reached skill level 6 in Dodging
  3395 | D:10     | Noticed Maurice
  3399 | D:10     | Noticed Maurice
  3399 | D:10     | Maurice changed into Maurice the sky beast
  3403 | D:10     | Killed Maurice the sky beast
  3477 | D:8      | Noticed a death knight
  3502 | D:9      | Found a broken altar of Ashenzari.
  3539 | D:9      | Noticed a boulder beetle
  3580 | D:9      | Killed a boulder beetle
  3581 | D:9      | Reached skill level 3 in Unarmed Combat
  3581 | D:9      | Reached skill level 6 in Invocations
  3764 | D:10     | Reached skill level 4 in Unarmed Combat
  3770 | D:10     | Reached XP level 11. HP: 62/95 MP: 15/15
  3859 | D:10     | Noticed a two-headed ogre
  3868 | D:10     | Killed a two-headed ogre
  3869 | D:10     | Reached skill level 9 in Fighting
  3869 | D:10     | Reached skill level 7 in Invocations
  3976 | D:10     | Reached skill level 5 in Unarmed Combat
  3994 | D:11     | Noticed a cyclops
  4006 | D:11     | Killed a cyclops
  4007 | D:11     | Reached skill level 7 in Dodging
  4022 | D:11     | Reached skill level 6 in Unarmed Combat
  4094 | D:11     | Found a staircase to the Orcish Mines.
  4135 | D:11     | Noticed Snorg
  4165 | D:11     | Reached skill level 8 in Invocations
  4204 | D:11     | Noticed a bog body
  4212 | D:11     | Killed a bog body
  4213 | D:11     | Reached skill level 7 in Unarmed Combat
  4234 | D:11     | Noticed a two-headed ogre
  4240 | D:11     | Killed a two-headed ogre
  4269 | D:11     | Reached skill level 8 in Dodging
  4270 | D:11     | Reached XP level 12. HP: 99/104 MP: 12/18
  4291 | D:11     | Reached skill level 8 in Unarmed Combat
  4343 | D:11     | Found a staircase to the Lair.
  4375 | D:11     | Killed Snorg
  4474 | D:11     | Learned a level 3 spell: Spider Form
  4475 | Orc:1    | Entered Level 1 of the Orcish Mines
  4544 | Orc:1    | Reached skill level 9 in Invocations
  4551 | Orc:1    | Reached skill level 1 in Transmutations
  4556 | D:11     | HP: 15/104 [orc warrior/+4 long sword (9)]
  4780 | Orc:1    | Reached skill level 9 in Unarmed Combat
  4864 | Orc:2    | Entered Level 2 of the Orcish Mines
  4916 | Orc:2    | Found a staircase to the Elven Halls.
  5014 | Orc:2    | Reached skill level 2 in Transmutations
  5101 | Orc:2    | Paralysed by an orc sorcerer for 3 turns
  5126 | Orc:2    | Noticed an ettin
  5143 | Orc:2    | HP: 21/105 [ettin/+0 dire flail (25)]
  5143 | Orc:2    | Mangled by an ettin

Illustrated notes

Levels and vault maps discovered:
D:1:      minmay_arrival_pointy, layout_basic,
          dreamdust_ecumenical_altar_hidden_monk_grotto
D:2:      layout_loops_ring, serial_shops, shop, grunt_ministairs_14,
          uniq_natasha, uniq_crazy_yiuf_cottage, uniq_jessica
D:3:      layout_basic
D:4:      layout_cave_pods, chequers_temple_overflow_minitemple,
          makhleb_heckhound_becter
D:5:      layout_loops_ring, nemelex_dance_club_becter,
          minmay_temple_entry_trees, minmay_misc_feat_encased,
          corexii_item_surrounded_by_moat, uniq_edmund
D:6:      layout_cave_pools, nicolae_uskayaw_dance_hall,
          nicolae_ossuary_entry_giza, portal_sewer_entry_f
D:7:      layout_basic, uniq_menkaure
D:8:      layout_basic, yredelemnul_forgotten_temple_becter, serial_shops, shop,
          shop_statue, nicolae_shop_crystal, nicolae_lakefront_shop
D:9:      layout_roguey, nicolae_overflow_crystal_walls, serial_bayou_ford_a
D:10:     wander_river, layout_long_grid, gammafunk_ghost_arena,
          nicolae_underground_beach, uniq_maurice
D:11:     dreamdust_isle_of_ice, layout_basic, due_lair_maze_entry_diamond,
          erik_orc_4, uniq_snorg
Temple:   minmay_temple_curvy_branch
Orc:1:    layout_caves
Orc:2:    grunt_orc_tribal_feast, layout_caves, serial_shops,
          nicolae_shop_hallway_stairs

Skill      XL: |  1  2  3  4  5  6  7  8  9 10 11 12 |
---------------+-------------------------------------+-----
Fighting       | 3 4 5 6 7 8 9 |  9.4
Axes           | 4 5 6 |  6.4
Throwing       | 3 4 |  4.0
Dodging        | 4 5 6 8 |  8.4
Invocations    | 2 3 6 8 9 |  9.3
Polearms       | 2 5 |  5.7
Unarmed Combat | 4 7 9 |  9.2
Transmutations | 2 |  2.5

Action                   |  1- 3 |  4- 6 |  7- 9 | 10-12 || total
-------------------------+-------+-------+-------+-------++-------
Melee: War axe           |    59 |    26 |       |       ||    85
       Trident           |       |    39 |   302 |   174 ||   515
       Morningstar       |       |       |     2 |       ||     2
       Headbutt          |       |       |    29 |    83 ||   112
       Punch             |       |       |     2 |     2 ||     4
       Glaive            |       |       |       |   259 ||   259
Throw: Throwing net      |     4 |     1 |       |     1 ||     6
       Boomerang         |       |       |     2 |     6 ||     8
       Javelin           |       |       |       |     2 ||     2
       Dart              |       |       |       |     7 ||     7
Invok: Bend Time         |       |       |     2 |    12 ||    14
       Slouch            |       |       |       |     5 ||     5
Evoke: Wand              |       |       |       |    14 ||    14
  Use: Scroll            |       |     1 |     9 |    12 ||    22
       Potion            |       |       |     4 |       ||     4
 Stab: Held in net/web   |     1 |     1 |       |     1 ||     3
       Distracted        |       |       |     1 |       ||     1
       Sleeping          |       |       |     1 |       ||     1
Armor: Ring mail         |    23 |    15 |    37 |       ||    75
       Leather armour    |     1 |       |       |       ||     1
       Skin              |       |       |     8 |       ||     8
       Troll leather arm |       |       |    41 |   114 ||   155
Dodge: Dodged            |    33 |    46 |   219 |   564 ||   862

Table legend: (Time is in decaauts)
 A = Elapsed time spent in this place.
 B = Non-inter-level travel time spent in this place.
 C = Inter-level travel time spent in this place.
 D = Time resting spent in this place.
 E = Time spent auto-exploring this place.
 F = Levels seen in this place.
 G = Mean time per level.
                   A        B        C        D        E       F      G
               +--------+--------+--------+--------+--------+-----+--------+
         Total |   6913 |   6609 |    304 |     17 |      0 |  16 |  432.1 |
       Dungeon |   5279 |   5024 |    255 |     17 |      0 |  11 |  479.9 |
        Temple |    218 |    188 |     30 |      0 |      0 |   1 |  218.0 |
  Orcish Mines |    836 |    817 |     19 |      0 |      0 |   2 |  418.0 |
         Sewer |    120 |    120 |      0 |      0 |      0 |   1 |  120.0 |
       Ossuary |    458 |    458 |      0 |      0 |      0 |   1 |  458.0 |
               +--------+--------+--------+--------+--------+-----+--------+

Top non-repeatable levels by time:
    D:11: 895 daAuts
     D:8: 805 daAuts
    D:10: 767 daAuts
     D:6: 590 daAuts
     D:9: 581 daAuts
 Ossuary: 458 daAuts
   Orc:1: 433 daAuts
     D:5: 408 daAuts
   Orc:2: 403 daAuts
     D:7: 312 daAuts
     D:1: 304 daAuts
     D:2: 295 daAuts
  Temple: 218 daAuts
     D:3: 179 daAuts
     D:4: 139 daAuts
